 Dungeon Crawl Stone Soup version 0.23-a0-395-gcf17ac6 (webtiles) character file.

7500 Gildeon the Cleaver (level 10, -3/81 HPs)
             Began as a Minotaur Fighter on Nov 1, 2018.
             Was a High Priest of Okawaru.
             Slain by a death yak (14 damage)
             ... on level 9 of the Dungeon.
             The game lasted 00:28:55 (7135 turns).

Gildeon the Cleaver (Minotaur Fighter)              Turns: 7135, Time: 00:28:56

Health: -3/81      AC: 13    Str: 23    XL:     10   Next: 95%
Magic:  12/12      EV:  8    Int:  5    God:    Okawaru [*****.]
Gold:   380        SH: 12    Dex: 14    Spells: 9/9 levels left

rFire    . . .     SeeInvis .   a - +1 war axe
rCold    . . .     Gourm    .   c - +0 shield
rNeg     . . .     Faith    .   y - +0 plate armour
rPois    .         Spirit   .   (helmet restricted)
rElec    .         Reflect  .   m - +0 cloak
rCorr    .         Harm     .   (no gloves)
MR       .....                  (no boots)
Stlth    ..........             b - amulet of regeneration
HPRegen  0.63/turn              E - +3 ring of dexterity
MPRegen  0.13/turn              x - ring of flight

@: about to teleport
A: retaliatory headbutt, horns 2
a: Heroism, Finesse, Renounce Religion, Evoke Flight


You were on level 9 of the Dungeon.
You worshipped Okawaru.
Okawaru was extremely pleased with you.
You were not hungry.

You visited 2 branches of the dungeon, and saw 10 of its levels.

You collected 380 gold pieces.

Inventory:

Hand Weapons
 a - a +1 war axe (weapon)
 e - a +0 flail
 h - a +1 whip of flaming
Armour
 c - a +0 shield (worn)
 m - a +0 cloak (worn)
 y - a +0 plate armour (worn)
 D - a +3 plate armour
Jewellery
 b - an amulet of regeneration (around neck)
 i - an uncursed ring of ice
 x - a ring of flight (right hand)
 E - a +3 ring of dexterity (left hand)
Wands
 p - a wand of clouds (4)
 u - a wand of digging (5)
 w - a wand of acid (10)
 B - a wand of flame (8)
Scrolls
 q - 3 scrolls of amnesia
 t - a scroll of teleportation
 z - a scroll of remove curse
 A - a scroll of noise
Potions
 d - 3 potions of lignification
 g - 2 potions of ambrosia
 j - a potion of mutation
 l - a potion of haste
 n - a potion of flight
 o - 2 potions of resistance
 r - 2 potions of heal wounds {unknown}
 v - a potion of agility
 C - 3 potions of degeneration {unknown}
Comestibles
 f - 14 rations
 s - 6 chunks of flesh


   Skills:
 + Level 5.1 Fighting
 * Level 12.9 Axes
 + Level 5.1 Armour
 + Level 5.1 Dodging
 + Level 10.0 Shields
 + Level 5.1 Invocations
 + Level 5.1 Evocations


You had 9 spell levels left.
You didn't know any spells.
Your spell library was empty.

Dungeon Overview and Level Annotations

Branches:
Dungeon (9/15)             Temple (1/1) D:5            Lair (0/6) D:9
    Orc: D:9-12

Altars:
Ashenzari
Cheibriados
Dithmenos
Elyvilon
Fedhas
Gozag
Hepliaklqana
Kikubaaqudgha
Makhleb
Nemelex Xobeh
Okawaru
Qazlal
Ru
Sif Muna
Trog
Uskayaw
Vehumet
Wu Jian
Xom
Yredelemnul
Zin
The Shining One


Innate Abilities, Weirdness & Mutations

You reflexively headbutt those who attack you in melee.
You have a pair of horns on your head.


Message History

You hear a loud clanging noise!
It was a scroll of noise.
You hear a deafening roar!
You block the death yak's attack. The death yak gores you!
* * * LOW HITPOINT WARNING * * *
What are your orders? t - Shout!
Orders for allies: a - Attack new target. r - Retreat! s - Stop attacking. g - Guard the area. f - Follow me.
Anything else - Cancel.
Okay, then.
Unknown command.
As you read the scroll of teleportation, it crumbles to dust.
You feel strangely unstable. The death yak gores you.
* * * LOW HITPOINT WARNING * * *
The death yak gores you.
* * * LOW HITPOINT WARNING * * *
You feel better. The death yak gores you!
You die...

#.....>.......##### #...
#.................##
#...
#####.†.†.........###..#
#...
#####.....#...........#
##.###...
......####............#
#...'... #######
##)..........# #####...
#...#........# #...
######Y##.#### ##+# ###
#.@Y...# ≈≈# ######.##
.≈# #..# .≈# ######'###
.≈# #........# #÷######
#.....Y..# #≈≈≈≈≈≈#
#........# ###...≈#
+........# ......≈#
#........# .


You could see 2 death yaks.

Vanquished Creatures
  Harold (D:7)
  A death yak (D:9)
  The ghost of Garbasso the Ruffian, a novice TrTm of Okawaru (D:7)
  Pikel (D:5)
  Joseph (D:7)
  Grinder (D:3)
  A hippogriff (D:9)
  Eustachio (D:5)
  A steam dragon (D:6)
  A wyvern (D:8)
  A water moccasin (D:9)
  2 porcupines (D:9)
  An orc warrior (D:7)
  A sky beast (D:5)
  A slave (D:5)
  4 ice beasts
  2 phantoms
  3 ogres
  5 centaurs
  A crocodile (D:6)
  A big kobold (D:8)
  5 bullfrogs
  A gnoll sergeant (D:5)
  A water moccasin skeleton (D:6)
  2 scorpions
  6 killer bees (D:9)
  5 wights (D:7)
  An electric eel (D:9)
  4 crimson imps
  3 hounds
  2 bullfrog zombies
  A jelly (D:9)
  3 orc priests
  Crazy Yiuf (D:2)
  A gnoll shaman (D:7)
  3 bullfrog skeletons
  6 worker ants
  4 orc wizards
  A hell rat (D:9)
  A howler monkey skeleton (D:9)
  A worker ant zombie (D:6)
  8 gnolls
  11 adders
  2 river rats (D:9)
  2 shadow imps
  2 oozes
  An adder zombie (D:5)
  3 adder skeletons
  A worm (D:4)
  3 dart slugs
  6 leopard geckos
  29 orcs
  2 ball pythons
  5 bats
  6 giant cockroaches
  9 goblins
  7 hobgoblins
  6 jackals
  3 quokkas
  2 ball python skeletons
  8 frilled lizards
  3 kobolds
  6 rats
209 creatures vanquished.

Vanquished Creatures (others)
  2 slaves (D:5)
  An ogre (D:5)
3 creatures vanquished.

Grand Total: 212 creatures vanquished

Notes
Turn   | Place    | Note
-------+----------+-------------------------------------------
     0 | D:1      | Gildeon the Minotaur Fighter began the quest for the Orb.
     0 | D:1      | Reached XP level 1. HP: 19/19 MP: 0/0
    58 | D:1      | Reached XP level 2. HP: 27/27 MP: 1/1
   283 | D:1      | Reached skill level 3 in Axes
   535 | D:2      | Reached skill level 1 in Dodging
   535 | D:2      | Reached XP level 3. HP: 32/33 MP: 2/2
   987 | D:2      | Found a runed door.
   991 | D:2      | Noticed Crazy Yiuf
   996 | D:2      | Killed Crazy Yiuf
   996 | D:2      | Reached XP level 4. HP: 40/40 MP: 3/3
  1096 | D:2      | Found a sparkling altar of Nemelex Xobeh.
  1408 | D:3      | Reached skill level 4 in Axes
  1416 | D:3      | Noticed Grinder
  1423 | D:3      | Paralysed by Grinder for 2 turns
  1436 | D:3      | Killed Grinder
  1436 | D:3      | Reached skill level 5 in Axes
  1436 | D:3      | Reached XP level 5. HP: 35/47 MP: 4/4
  1436 | D:3      | Reached XP level 6. HP: 39/53 MP: 5/5
  1835 | D:3      | Found a sparkling altar of Nemelex Xobeh.
  2401 | D:4      | Reached skill level 5 in Fighting
  2439 | D:4      | Reached skill level 5 in Armour
  2470 | D:4      | Reached skill level 5 in Shields
  2500 | D:4      | Reached XP level 7. HP: 37/61 MP: 6/6
  2617 | D:4      | Reached skill level 6 in Axes
  2617 | D:4      | Reached skill level 1 in Evocations
  2754 | D:5      | Entered Level 5 of the Dungeon
  2785 | D:5      | Noticed Pikel
  2801 | D:5      | Killed Pikel
  2801 | D:5      | Reached skill level 7 in Axes
  2801 | D:5      | Reached XP level 8. HP: 65/68 MP: 8/8
  3071 | D:5      | Reached skill level 8 in Axes
  3161 | D:5      | Reached skill level 5 in Dodging
  3188 | D:5      | Found a staircase to the Ecumenical Temple.
  3197 | Temple   | Entered the Ecumenical Temple
  3220 | Temple   | Became a worshipper of Warmaster Okawaru
  3586 | D:5      | Noticed Eustachio
  3604 | D:5      | Killed Eustachio
  3936 | D:6      | Reached skill level 9 in Axes
  3946 | D:6      | Reached XP level 9. HP: 68/74 MP: 10/10
  4017 | D:6      | Reached * piety under Okawaru
  4271 | D:6      | Reached skill level 10 in Axes
  4429 | D:6      | You fall through a shaft for 2 floors!
  4487 | D:7      | Found a runed door.
  4487 | D:7      | Noticed Garbasso's ghost (novice TrTm)
  4516 | D:7      | Reached skill level 1 in Invocations
  4673 | D:7      | Noticed Joseph
  4703 | D:7      | Killed Joseph
  4703 | D:7      | Reached ** piety under Okawaru
  4864 | D:6      | Reached skill level 5 in Evocations
  5225 | D:7      | Noticed Harold
  5265 | D:7      | Killed Harold
  5265 | D:7      | Reached *** piety under Okawaru
  5265 | D:7      | Reached skill level 11 in Axes
  5265 | D:7      | Reached XP level 10. HP: 41/81 MP: 12/12
  5428 | D:7      | Found a hide-covered altar of Uskayaw.
  5626 | D:7      | Killed Garbasso's ghost
  5922 | D:8      | Reached skill level 12 in Axes
  6387 | D:9      | Reached **** piety under Okawaru
  6544 | D:9      | Noticed a death yak
  6549 | D:9      | Noticed a death yak
  6552 | D:9      | Noticed a death yak
  6781 | D:9      | Found a staircase to the Lair.
  7081 | D:9      | Reached skill level 5 in Invocations
  7131 | D:9      | Killed a death yak
  7131 | D:9      | Reached ***** piety under Okawaru
  7131 | D:9      | Received a gift from Okawaru
  7131 | D:9      | Reached skill level 10 in Shields
  7135 | D:9      | Slain by a death yak

Vault maps used:
D:1:      minmay_arrival_arboretum_small, serial_curves, eino_curves_01,
          eino_curves_03
D:2:      nemelex_diamond_rough_becter, uniq_crazy_yiuf_cottage
D:3:      nemelex_dance_club_becter, uniq_grinder
D:4:      first_ration, serial_bayou_crossing
D:5:      lemuel_temple_firewalk_b, uniq_pikel, uniq_eustachio
D:6:      kb_rosetta
D:7:      overflow_temple_1_default, hellmonk_ghost_happy_afterlife,
          uniq_harold, uniq_joseph
D:8:      blue_anna_alchemist
D:9:      dpeg_lair_monsters, serial_shops, nicolae_shop_behind_doors,
          kennysheep_minor_cross, kennysheep_another_room, uniq_prince_ribbit1
Temple:   minmay_crystal_snake_temple

Skill      XL: |  1  2  3  4  5  6  7  8  9 10 |
---------------+-------------------------------+-----
Axes           | 3 5 7 9 11 12 | 12.9
Dodging        | 1 2 3 4 5 |  5.1
Armour         | 4 5 |  5.1
Shields        | 4 5 6 7 8 10 | 10.0
Fighting       | 4 5 |  5.1
Evocations     | 2 3 5 |  5.1
Invocations    | 3 5 |  5.1

Action                   |  1- 3 |  4- 6 |  7- 9 | 10-12 || total
-------------------------+-------+-------+-------+-------++-------
Melee: War axe           |    84 |   125 |   289 |   239 ||   737
       Headbutt          |     9 |    19 |    66 |    53 ||   147
Evoke: Wand              |       |    10 |     9 |       ||    19
  Use: Scroll            |     6 |     2 |     7 |     7 ||    22
       Potion            |       |     1 |     4 |     1 ||     6
  Eat: Chunk             |       |     5 |     5 |     2 ||    12
       Ration            |       |       |     2 |     1 ||     3
Armor: Scale mail        |    41 |       |       |       ||    41
       Chain mail        |     2 |    66 |   113 |       ||   181
       Plate armour      |       |       |    34 |    84 ||   118
Dodge: Dodged            |    25 |    31 |    89 |    49 ||   194
Block: Shield            |    44 |    72 |   187 |   121 ||   424

Table legend:
 A = Non-vault XP
 B = Vault XP
 C = Vault XP percentage of total XP
 D = Non-vault monster count
 E = Vault monster count
 F = Vault count percentage of total count
                 A         B        C        D         E       F
            +---------+---------+-------+---------+---------+-------
      Total |    5481 |    5234 |  48.8 |     187 |      21 |  10.1
            +---------+---------+-------+---------+---------+-------
        D:1 |      39 |       0 |   0.0 |      23 |       0 |   0.0
        D:2 |      53 |      40 |  43.0 |      15 |       1 |   6.2
        D:3 |      63 |     296 |  82.5 |      22 |       3 |  12.0
        D:4 |     410 |       0 |   0.0 |      22 |       0 |   0.0
        D:5 |     832 |     832 |  50.0 |      26 |       2 |   7.1
        D:6 |     855 |     460 |  35.0 |      18 |       4 |  18.2
        D:7 |     859 |    2300 |  72.8 |      22 |       3 |  12.0
        D:8 |     991 |     104 |   9.5 |      17 |       1 |   5.6
        D:9 |    1379 |    1202 |  46.6 |      22 |       7 |  24.1
            +---------+---------+-------+---------+---------+-------
